 Dungeon Crawl Stone Soup version 0.31.0-1-g2c135a0 (webtiles) character file.

Game seed: 11337651228280493254

78 AbelJuno the Covered (level 4, 0/40 HPs)
             Began as a Minotaur Fighter on Mar 27, 2024.
             Slain by a gnoll
             ... wielding a +0 spear
              (7 damage)
             ... on level 2 of the Dungeon.
             The game lasted 00:10:19 (782 turns).

AbelJuno the Covered (Minotaur Fighter)              Turns: 782, Time: 00:10:19

Health: 0/40       AC:  7    Str: 23    XL:     4   Next: 15%
Magic:  3/3        EV:  9    Int:  5    God:
Gold:   47         SH:  4    Dex:  9    Spells: 3/3 levels left

rFire   . . .        s - +2 falchion (drain)
rCold   . . .        c - +0 buckler
rNeg    . . .        b - +0 scale mail
rPois   .            (helmet restricted)
rElec   .            (no cloak)
rCorr   .            (no gloves)
SInv    .            (no boots)
Will    +....        (no amulet) Stlth
                     (no ring)
HPRegen 0.26/turn    (no ring)
MPRegen 0.08/turn

%: no passive effects
@: enlightened, flying
A: horns 2, retaliatory headbutt
a: no special abilities


You were on level 2 of the Dungeon.
You visited 1 branch of the dungeon, and saw 3 of its levels.

You collected 47 gold pieces.

Inventory:

Hand Weapons
 a - a +0 war axe
 d - a +2 quarterstaff of chaos
 f - a +0 hammer
 g - a +0 club
 j - a +0 dagger
 m - a +0 flail of protection
 o - a +0 whip
 p - a +0 dagger
 q - a +0 club
 r - a +0 mace
 s - a +2 falchion of draining (weapon)
Armour
 b - a +0 scale mail (worn)
 c - a +0 buckler (worn)
 e - a +0 cloak
 n - a +0 robe
Scrolls
 h - a scroll of teleportation {unknown}
 k - a scroll of identify {unknown}
Potions
 i - 3 potions of curing {unknown}
 l - a potion of resistance {unknown}


   Skills:
 + Level 4.2 Fighting
 + Level 2.9 Axes
 + Level 4.8 Armour
 + Level 0.1 Dodging
 + Level 4.2 Shields


You had 3 spell levels left.
You didn't know any spells.
Your spell library contained the following spells:

 Spells                   Type           Power      Damage    Failure   Level
 Cigotuvi's Dreadful Rot  Necr/Alch/Air  0%         N/A       93%         2
 Ensorcelled Hibernation  Hex/Ice        0%         N/A       93%         2
 Passwall                 Erth           0%         N/A       99%         3
 Swiftness                Air            0%         N/A       99%         3
 Ignite Poison            Fire/Alch      0%         N/A       100%        4
 Freezing Cloud           Conj/Ice/Air   0%         6-21      100%        5


Dungeon Overview and Level Annotations

Branches:
Dungeon (3/15)

Altars:

Annotations:
D:3 Sigmund


Innate Abilities, Weirdness & Mutations

You have a pair of horns on your head.
You reflexively headbutt those who attack you in melee.


Message History

You kill the gnoll!
Your life force feels restored.
You have reached level 4!
You feel stronger.
Unknown command.
Unknown command.
Unknown command.
Unknown command.
You sense an unholy aura.
s - a +2 falchion of draining (weapon)
You see here a +0 whip.
A gnoll comes into view.
It is wielding a +0 flail of protection.
The gnoll shouts!
You hear a shout!
The gnoll moves out of view.
A gnoll comes into view. It is wielding a +0 spear.
It was a potion of enlightenment.
You feel very buoyant.
You fly up into the air.
You see here a +0 whip.
You hit the gnoll.
The gnoll is moderately wounded.
The gnoll hits you with a +0 flail of protection.
* * * LOW HITPOINT WARNING * * *
You block the gnoll's attack.
The gnoll hits you from afar with a +0 spear.
* * * LOW HITPOINT WARNING * * *
You hit the gnoll.
The gnoll is heavily wounded.
The gnoll barely misses you.
You hit the gnoll. You drain the gnoll.
You kill the gnoll!
The gnoll misses you. The gnoll barely misses you.
Things that are here:
a +0 flail of protection; a gnoll corpse
m - a +0 flail of protection You block the gnoll's attack.
The gnoll hits you but does no damage. The gnoll hits you with a +0 spear!
You die...

.##### #..#. .# #..#.
.### #..#. ...# #####
##### #...# .#.# #...
...# #.##. ...####(#####
##.## #.##.
.#..........###...######
#.##.
###.#..........>)†.....#
#.##.
##..#.#####.#.@.####.#
#.... #.###.# #.....g##
#.### #.# #.# #.###..#
#.# #.. #..... #..#
.######.# #. ##### #.##
#.......# #. ..#
.######.### # .###
#...... . #........###
#.####.###


You could see a gnoll.

Vanquished Creatures
  Crazy Yiuf (D:2)
  3 gnolls
  A dart slug (D:2)
  2 orcs (D:3)
  3 endoplasms
  A giant cockroach (D:1)
  A hobgoblin (D:1)
  A kobold (D:1)
  A ball python (D:1)
  3 bats
  A goblin (D:3)
  2 rats
20 creatures vanquished.

Notes
Turn   | Place    | Note
-------+----------+-------------------------------------------
     0 | D:1      | AbelJuno the Minotaur Fighter began the quest for the Orb.
     0 | D:1      | Reached XP level 1. HP: 19/19 MP: 0/0
    59 | D:1      | You fall into a shaft and drop 1 floor!
    84 | D:2      | Found a runed translucent door.
    85 | D:2      | Noticed Crazy Yiuf
    90 | D:2      | Killed Crazy Yiuf
    91 | D:2      | Reached XP level 2. HP: 18/27 MP: 1/1
    91 | D:2      | Reached XP level 3. HP: 22/33 MP: 2/2
   739 | D:3      | Noticed Sigmund
   767 | D:2      | Reached XP level 4. HP: 9/40 MP: 3/3
   782 | D:2      | Slain by a gnoll

Illustrated notes

Levels and vault maps discovered:
D:1:      minmay_arrival_wavy_path, layout_basic, serial_shops,
          nicolae_shop_real_fake_doors
D:2:      layout_loops_ring, uniq_crazy_yiuf_cottage
D:3:      layout_loops_corners, nicolae_shop_vocational, uniq_grinder,
          uniq_sigmund, uniq_robin, uniq_ijyb, uniq_jessica

Skill      XL: |  1 |
---------------+----+-----
Fighting       | 4 |  4.2
Armour         | 4 |  4.8
Shields        | 4 |  4.2
Axes           | |  2.9
Dodging        | |  0.1

Action                     |  1- 3 |  4- 6 || total
---------------------------+-------+-------++-------
  Melee: War axe           |    42 |       ||    42
         Headbutt          |     5 |       ||     5
         Falchion          |       |     3 ||     3
    Use: Potion            |     1 |     1 ||     2
 Armour: Scale mail        |    48 |     4 ||    52
  Dodge: Dodged            |    21 |     3 ||    24
  Block: Buckler           |    10 |     2 ||    12
